Nashville Predators vs Arizona Coyotes
Created - Wednesday, April 12, 2023 at 07:14
Goals
|
| Nashville Predators |
0 |
1 |
0 |
1 |
| Arizona Coyotes |
3 |
1 |
0 |
4 |
|
Shots
|
| Nashville Predators |
8 |
19 |
6 |
33 |
| Arizona Coyotes |
12 |
14 |
9 |
35 |
|
1st period
1. Arizona Coyotes , David Krejci 8 (Ilya Mikheyev 5, Brayden McNabb 13) at 13:42
2. Arizona Coyotes , Mats Zuccarello 18 (Claude Giroux 27, Dmitry Orlov 7) at 15:29
3. Arizona Coyotes , Mats Zuccarello 19 (Claude Giroux 28) at 19:17 (PP)
Penalties :
Justin Braun (NSH) for Hooking (Minor) at 8:06, Corey Perry (NSH) for Roughing (Minor) at 15:34, Ryan Carpenter (NSH) for Hooking (Minor) at 19:15
2nd period
4. Nashville Predators , Artem Zub 1 (Zemgus Girgensons 5, Jake Muzzin 1) at 6:37 (PP)
5. Arizona Coyotes , Tanner Jeannot 5 (James van Riemsdyk 3) at 15:41
Penalties :
Mathew Dumba (AZC) for Tripping (Minor) at 5:38, Brayden McNabb (AZC) for Roughing (Minor) at 9:06, Artem Zub (NSH) for Slashing (Minor) at 11:43, Radko Gudas (AZC) for Close Hand On Puck (Minor) at 17:13
3rd period
No Goal
Penalties :
Claude Giroux (AZC) for Hooking (Minor) at 4:36
Goalie Stats
Anthony Stolarz (NSH), 31 saves from 35 shots - (0.886), L, 6-8-4, 60:00 minutes
Kaapo Kahkonen (AZC), 32 saves from 33 shots - (0.970), W, 8-2-1, 60:00 minutes
Players Stats for Nashville Predators
Player Name G A P +/- PIM S H SB GA TA FO MP PP MP PK MP
------------------------------------------------------------------------------------
Artem Zub 1 0 1 -1 2 1 1 0 0 0 0/0 19:21 2:23 1:50
Brandon Saad 0 0 0 0 0 4 1 0 1 0 0/9 19:16 3:40 3:40
Cale Makar 0 0 0 -2 0 5 1 3 1 2 0/0 29:19 4:33 3:50
Corey Perry 0 0 0 0 2 4 0 1 0 0 1/3 17:23 3:33 1:55
Jake Muzzin 0 1 1 -1 0 0 0 0 0 1 0/0 20:42 2:23 3:10
Janne Kuokkanen 0 0 0 -1 0 0 1 0 1 1 0/2 11:38 0:22 0:00
Justin Braun 0 0 0 -2 2 0 5 2 0 0 0/0 27:10 4:33 2:05
Loui Eriksson 0 0 0 -1 0 3 2 0 0 0 0/0 15:47 3:01 0:27
Nate Schmidt 0 0 0 0 0 0 0 0 0 0 0/0 11:10 0:00 0:00
Nick Bjugstad 0 0 0 -1 0 0 1 0 0 0 0/0 13:19 0:00 1:58
Nolan Patrick 0 0 0 -1 0 1 1 0 4 0 5/12 12:07 0:25 0:08
Oliver Kylington 0 0 0 0 0 1 0 1 0 0 0/0 12:27 0:00 1:03
Pat Maroon 0 0 0 -1 0 4 3 1 1 0 0/1 17:48 2:54 2:26
Riley Nash 0 0 0 -1 0 3 0 0 1 0 0/0 11:24 0:00 0:00
Ryan Carpenter 0 0 0 -1 2 0 1 0 0 0 0/0 11:23 0:00 0:00
Sam Gagner 0 0 0 0 0 2 2 1 0 1 5/22 16:49 3:33 1:24
Thomas Novak 0 0 0 -1 0 1 0 0 0 0 4/9 11:38 0:22 0:00
Zemgus Girgensons 0 1 1 -1 0 4 3 0 1 1 8/12 15:16 2:58 0:00
Players Stats for Arizona Coyotes
Player Name G A P +/- PIM S H SB GA TA FO MP PP MP PK MP
------------------------------------------------------------------------------------
Brandon Tanev 0 0 0 1 0 2 0 0 0 0 0/0 7:49 0:00 0:00
Brayden McNabb 0 1 1 2 2 0 3 1 0 0 0/0 27:58 3:53 3:29
Charlie Coyle 0 0 0 1 0 0 1 1 1 0 2/3 20:10 3:25 1:34
Claude Giroux 0 2 2 1 2 3 0 0 1 0 24/32 21:29 3:25 3:34
David Krejci 1 0 1 1 0 4 1 0 1 0 9/16 18:50 2:34 1:25
Dmitry Orlov 0 1 1 2 0 0 1 3 0 3 0/0 29:02 3:53 4:39
Erik Haula 0 0 0 0 0 1 2 1 0 0 5/7 9:54 0:00 0:00
Ilya Mikheyev 0 1 1 0 0 3 1 0 1 1 0/0 11:07 0:00 1:12
James van Riemsdyk 0 1 1 0 0 1 1 0 0 0 2/2 9:54 0:00 0:00
Jani Hakanpaa 0 0 0 1 0 0 1 1 0 0 0/0 12:33 0:00 1:34
Jared Spurgeon 0 0 0 0 0 0 1 0 0 1 0/0 19:59 2:06 2:17
Mathew Dumba 0 0 0 0 2 0 0 2 0 0 0/0 19:34 2:06 1:53
Mats Zuccarello 2 0 2 1 0 7 2 2 1 1 2/3 22:40 3:25 4:45
Ondrej Palat 0 0 0 1 0 2 0 0 0 0 0/0 16:38 2:34 0:00
Radko Gudas 0 0 0 1 2 3 3 1 0 2 0/0 11:45 0:00 0:00
Ross Colton 0 0 0 1 0 1 1 0 0 0 1/3 7:49 0:00 0:00
Tanner Jeannot 1 0 1 1 0 3 1 0 0 0 2/3 9:11 0:00 1:22
Tyler Seguin 0 0 0 1 0 5 0 0 1 2 0/1 16:38 2:34 0:00
3 Stars
1 - Mats Zuccarello (AZC)
2 - Kaapo Kahkonen (AZC)
3 - Tanner Jeannot (AZC)
Power Play
Nashville Predators - 1 on 4 Attempt(s) - 25.00%
Arizona Coyotes - 1 on 4 Attempt(s) - 25.00%
Penalty Kill
Nashville Predators - 3 on 4 Attempt(s) - 75.00%
- Score 0 goal in Penalty Kill
Arizona Coyotes - 3 on 4 Attempt(s) - 75.00%
- Score 0 goal in Penalty Kill
Team Stat
Nashville Predators - Hits : 22 - Faceoff Wins : 23 - Blocked Shots : 9 - Penalty Minutes : 8
Arizona Coyotes - Hits : 19 - Faceoff Wins : 47 - Blocked Shots : 12 - Penalty Minutes : 8
Official
Referees : Francois StLaurent and Eric Furlatt
Linesman : Lonnie Cameron and Brad Kovachik
Game Notes
No Game Note
Finance
Level 1 -- Attendance: 5620 (93.67%) -- Ticket Income $539,520
Level 2 -- Attendance: 4623 (92.46%) -- Ticket Income $268,134
Level 3 -- Attendance: 2740 (91.33%) -- Ticket Income $87,680
Level 4 -- Attendance: 4992 (99.84%) -- Ticket Income $109,824
Luxury Box -- Attendance: 1000 (100.00%) -- Ticket Income $195,000
Game was played at the Gila River Arena.
Total Attendance: 18975 (94.88%)
Total Ticket Income: $1,200,158
Other Income: $420,055
Total Income: $1,620,213
Nashville Predators
5 vs 5 Forward
Center Left Wing Right Wing Time % Phy DF OF
1 Sam Gagner Brandon Saad Corey Perry 26 1 2 2
2 Zemgus Girgensons Pat Maroon Loui Eriksson 25 1 2 2
3 Thomas Novak Janne Kuokkanen Nick Bjugstad 25 1 2 2
4 Nolan Patrick Riley Nash Ryan Carpenter 24 1 2 2
5 vs 5 Defense
Defense Defense Time % Phy DF OF
1 Cale Makar Justin Braun 40 1 2 2
2 Artem Zub Jake Muzzin 30 1 2 2
3 Oliver Kylington Nate Schmidt 20 1 2 2
4 Cale Makar Justin Braun 10 1 2 2
PowerPlay Forward
Center Left Wing Right Wing Time % Phy DF OF
1 Sam Gagner Brandon Saad Corey Perry 60 1 2 2
2 Zemgus Girgensons Pat Maroon Loui Eriksson 40 1 2 2
PowerPlay Defense
Defense Defense Time % Phy DF OF
1 Cale Makar Justin Braun 60 1 2 2
2 Artem Zub Jake Muzzin 40 1 2 2
Penalty Kill 4 Players Forward
Center Wing Time % Phy DF OF
1 Brandon Saad Corey Perry 60 1 2 2
2 Sam Gagner Pat Maroon 40 1 2 2
Penalty Kill 4 Players Defense
Defense Defense Time % Phy DF OF
1 Cale Makar Justin Braun 60 1 2 2
2 Artem Zub Jake Muzzin 40 1 2 2
Penalty Kill - 3 Players Forward
Forward Time % Phy DF OF
1 Brandon Saad 60 1 2 2
2 Corey Perry 40 1 2 2
Penalty Kill - 3 Players Defense
Defense Defense Time % Phy DF OF
1 Cale Makar Justin Braun 60 1 2 2
2 Artem Zub Jake Muzzin 40 1 2 2
4 vs 4 Forward
Center Wing Time % Phy DF OF
1 Brandon Saad Corey Perry 60 1 2 2
2 Sam Gagner Pat Maroon 40 1 2 2
4 vs 4 Defense
Defense Defense Time % Phy DF OF
1 Cale Makar Justin Braun 60 1 2 2
2 Artem Zub Jake Muzzin 40 1 2 2
Last Minutes Offensive
Center Left Wing Right Wing Defense Defense
Sam Gagner Brandon Saad Corey Perry Cale Makar Justin Braun
Last Minutes Defensive
Center Left Wing Right Wing Defense Defense
Sam Gagner Brandon Saad Corey Perry Cale Makar Justin Braun
Goaltenders
Starting : Anthony Stolarz
Backup : Alexandar Georgiev
Extra Forwards
Normal : Nolan Patrick, Thomas Novak, Nick Bjugstad - PP : Janne Kuokkanen, Thomas Novak - PK : Nick Bjugstad
Extra Defensemen
Normal : Oliver Kylington, Jake Muzzin, Artem Zub - PP : Oliver Kylington - PK : Jake Muzzin, Artem Zub
Penalty Shots
Brandon Saad, Corey Perry, Sam Gagner, Pat Maroon, Zemgus Girgensons
Arizona Coyotes
5 vs 5 Forward
Center Left Wing Right Wing Time % Phy DF OF
1 Claude Giroux Mats Zuccarello Charlie Coyle 40 1 2 2
2 David Krejci Ondrej Palat Tyler Seguin 30 1 2 2
3 Erik Haula Ilya Mikheyev James van Riemsdyk 20 1 2 2
4 Ross Colton Tanner Jeannot Brandon Tanev 10 1 2 2
5 vs 5 Defense
Defense Defense Time % Phy DF OF
1 Dmitry Orlov Brayden McNabb 38 1 2 2
2 Mathew Dumba Jared Spurgeon 30 1 2 2
3 Radko Gudas Jani Hakanpaa 22 1 2 2
4 Dmitry Orlov Brayden McNabb 10 1 2 2
PowerPlay Forward
Center Left Wing Right Wing Time % Phy DF OF
1 Claude Giroux Mats Zuccarello Charlie Coyle 60 1 2 2
2 David Krejci Ondrej Palat Tyler Seguin 40 1 2 2
PowerPlay Defense
Defense Defense Time % Phy DF OF
1 Dmitry Orlov Brayden McNabb 60 1 2 2
2 Mathew Dumba Jared Spurgeon 40 1 2 2
Penalty Kill 4 Players Forward
Center Wing Time % Phy DF OF
1 Claude Giroux Mats Zuccarello 60 1 2 2
2 Charlie Coyle David Krejci 40 1 2 2
Penalty Kill 4 Players Defense
Defense Defense Time % Phy DF OF
1 Dmitry Orlov Brayden McNabb 60 1 2 2
2 Mathew Dumba Jared Spurgeon 40 1 2 2
Penalty Kill - 3 Players Forward
Forward Time % Phy DF OF
1 Claude Giroux 60 1 2 2
2 Mats Zuccarello 40 1 2 2
Penalty Kill - 3 Players Defense
Defense Defense Time % Phy DF OF
1 Dmitry Orlov Brayden McNabb 60 1 2 2
2 Mathew Dumba Jared Spurgeon 40 1 2 2
4 vs 4 Forward
Center Wing Time % Phy DF OF
1 Claude Giroux Mats Zuccarello 60 1 2 2
2 Charlie Coyle David Krejci 40 1 2 2
4 vs 4 Defense
Defense Defense Time % Phy DF OF
1 Dmitry Orlov Brayden McNabb 60 1 2 2
2 Mathew Dumba Jared Spurgeon 40 1 2 2
Last Minutes Offensive
Center Left Wing Right Wing Defense Defense
Claude Giroux Mats Zuccarello Charlie Coyle Dmitry Orlov Brayden McNabb
Last Minutes Defensive
Center Left Wing Right Wing Defense Defense
Claude Giroux Mats Zuccarello Charlie Coyle Dmitry Orlov Brayden McNabb
Goaltenders
Starting : Kaapo Kahkonen
Backup : Elvis Merzlikins
Extra Forwards
Normal : Ilya Mikheyev, James van Riemsdyk, Tanner Jeannot - PP : Ilya Mikheyev, James van Riemsdyk - PK : Tanner Jeannot
Extra Defensemen
Normal : Radko Gudas, Jani Hakanpaa, Mathew Dumba - PP : Radko Gudas - PK : Jani Hakanpaa, Mathew Dumba
Penalty Shots
Claude Giroux, Mats Zuccarello, Charlie Coyle, David Krejci, Tyler Seguin
% Time on Ice - Nashville Predators
Lines # - Real PCT - Wanted PCT - Time Play
Normal Forward
1 - 26% - 26% - 12:06
2 - 26% - 25% - 12:19
3 - 24% - 25% - 11:16
4 - 24% - 24% - 11:24
Normal Defense
1 - 42% - 40% - 19:35
2 - 32% - 30% - 15:09
3 - 24% - 20% - 11:10
4 - 3% - 10% - 1:11
PP Forward
1 - 56% - 60% - 3:54
2 - 44% - 40% - 3:02
PP Defense
1 - 66% - 60% - 4:33
2 - 34% - 40% - 2:23
PK Forward
1 - 77% - 60% - 4:35
2 - 23% - 40% - 1:24
PK Defense
1 - 61% - 60% - 3:38
2 - 39% - 40% - 2:21
PK3 Forward
1 - 0% - 60%
2 - 0% - 40%
PK3 Defense
1 - 0% - 60%
2 - 0% - 40%
44 Forward
1 - 0% - 60%
2 - 0% - 40%
44 Defense
1 - 0% - 60%
2 - 0% - 40%
Last Minute Offensive - 0:00
Last Minute Defensive - 0:00
Total
Forward - 60:00
Defense - 60:00
|
% Time on Ice - Arizona Coyotes
Lines # - Real PCT - Wanted PCT - Time Play
Normal Forward
1 - 31% - 40% - 14:31
2 - 32% - 30% - 14:51
3 - 21% - 20% - 9:54
4 - 17% - 10% - 7:49
Normal Defense
1 - 39% - 38% - 18:13
2 - 33% - 30% - 15:36
3 - 23% - 22% - 10:59
4 - 5% - 10% - 2:17
PP Forward
1 - 57% - 60% - 3:25
2 - 43% - 40% - 2:34
PP Defense
1 - 65% - 60% - 3:53
2 - 35% - 40% - 2:06
PK Forward
1 - 86% - 60% - 5:57
2 - 14% - 40% - 0:59
PK Defense
1 - 67% - 60% - 4:39
2 - 33% - 40% - 2:17
PK3 Forward
1 - 0% - 60%
2 - 0% - 40%
PK3 Defense
1 - 0% - 60%
2 - 0% - 40%
44 Forward
1 - 0% - 60%
2 - 0% - 40%
44 Defense
1 - 0% - 60%
2 - 0% - 40%
Last Minute Offensive - 0:00
Last Minute Defensive - 0:00
Total
Forward - 60:00
Defense - 60:00
|
Play-by-Play
1st period
0:01 of 1st period - Claude Giroux wins face-off versus Sam Gagner in neutral zone.
0:08 of 1st period - Snap shot by Mats Zuccarello.
0:08 of 1st period - Shot Blocked by Cale Makar.
0:12 of 1st period - Snap shot by Claude Giroux.
0:12 of 1st period - Shot Misses the Net.
0:14 of 1st period - Slapshot by Brayden McNabb.
0:14 of 1st period - Shot Blocked by Justin Braun.
0:16 of 1st period - Wrist shot by Charlie Coyle.
0:16 of 1st period - Deflect By Claude Giroux.
0:16 of 1st period - Shot Misses the Net.
0:16 of 1st period - Puck is out of play.
0:17 of 1st period - Zemgus Girgensons wins face-off versus David Krejci in Nashville Predators zone.
0:24 of 1st period - Slapshot by David Krejci.
0:24 of 1st period - Shot Misses the Net.
0:44 of 1st period - Nick Bjugstad is hit by James van Riemsdyk and loses puck.
0:53 of 1st period - Wrist shot by Janne Kuokkanen.
0:53 of 1st period - Shot Misses the Net.
1:07 of 1st period - Wrist shot by Claude Giroux.
1:07 of 1st period - Deflect By Mats Zuccarello.
1:07 of 1st period - Stopped by Anthony Stolarz with a rebound.
1:29 of 1st period - Snap shot by Loui Eriksson.
1:29 of 1st period - Stopped by Kaapo Kahkonen without a rebound.
1:30 of 1st period - Zemgus Girgensons wins face-off versus Tyler Seguin in Arizona Coyotes zone.
1:45 of 1st period - Brayden McNabb is hit by Cale Makar and loses puck.
1:56 of 1st period - Snap shot by Zemgus Girgensons.
1:56 of 1st period - Stopped by Kaapo Kahkonen with a rebound.
1:58 of 1st period - Slapshot by Pat Maroon.
1:58 of 1st period - Shot Misses the Net.
2:00 of 1st period - Snap shot by Loui Eriksson.
2:00 of 1st period - Shot Blocked by Dmitry Orlov.
2:02 of 1st period - Slapshot by Artem Zub.
2:02 of 1st period - Deflect By Pat Maroon.
2:02 of 1st period - Shot Blocked by Dmitry Orlov.
2:02 of 1st period - Puck is out of play.
2:03 of 1st period - Claude Giroux wins face-off versus Thomas Novak in Arizona Coyotes zone.
2:30 of 1st period - Radko Gudas is hit by Justin Braun and loses puck.
2:49 of 1st period - Sam Gagner is hit by Brayden McNabb and loses puck.
3:08 of 1st period - Backhand shot by Corey Perry.
3:08 of 1st period - Stopped by Kaapo Kahkonen with a rebound.
4:07 of 1st period - Icing by Ryan Carpenter.
4:08 of 1st period - Nolan Patrick wins face-off versus Ross Colton in Nashville Predators zone.
5:06 of 1st period - Wrist shot by Tyler Seguin.
5:06 of 1st period - Shot Blocked by Justin Braun.
6:07 of 1st period - Off-side.
6:08 of 1st period - Claude Giroux wins face-off versus Sam Gagner in neutral zone.
6:13 of 1st period - Wrist shot by Mats Zuccarello.
6:13 of 1st period - Shot Misses the Net.
6:34 of 1st period - Ondrej Palat is hit by Justin Braun and loses puck.
7:00 of 1st period - Janne Kuokkanen is hit by Radko Gudas.
7:25 of 1st period - Wrist shot by Ross Colton.
7:25 of 1st period - Deflect By Brandon Tanev.
7:25 of 1st period - Shot Blocked by Oliver Kylington.
7:25 of 1st period - Puck is out of play.
7:26 of 1st period - Claude Giroux wins face-off versus Nolan Patrick in Nashville Predators zone.
7:58 of 1st period - Slapshot by David Krejci.
7:58 of 1st period - Deflect By Ondrej Palat.
7:58 of 1st period - Shot Hit the Post.
7:58 of 1st period - Puck is out of play.
7:59 of 1st period - David Krejci wins face-off versus Sam Gagner in Nashville Predators zone.
8:04 of 1st period - Snap shot by Ondrej Palat.
8:04 of 1st period - Shot Misses the Net.
8:06 of 1st period - Minor Penalty to Justin Braun for Hooking.
8:07 of 1st period - Claude Giroux wins face-off versus Brandon Saad in Nashville Predators zone.
9:19 of 1st period - Mathew Dumba is hit by Artem Zub and loses puck.
10:06 of 1st period - Penalty to Justin Braun is over, Justin Braun is back on ice.
10:19 of 1st period - Slapshot by Ilya Mikheyev.
10:19 of 1st period - Deflect By Erik Haula.
10:19 of 1st period - Shot Misses the Net.
10:19 of 1st period - Puck is out of play.
10:20 of 1st period - Thomas Novak wins face-off versus Erik Haula in Nashville Predators zone.
10:25 of 1st period - Jared Spurgeon is hit by Justin Braun.
10:36 of 1st period - Slapshot by Ilya Mikheyev.
10:36 of 1st period - Stopped by Anthony Stolarz with a rebound.
10:46 of 1st period - Backhand shot by Brandon Tanev.
10:46 of 1st period - Stopped by Anthony Stolarz with a rebound.
10:48 of 1st period - Slapshot by Radko Gudas.
10:48 of 1st period - Stopped by Anthony Stolarz with a rebound.
11:16 of 1st period - Snap shot by David Krejci.
11:16 of 1st period - Stopped by Anthony Stolarz with a rebound.
11:26 of 1st period - Brandon Saad is hit by Charlie Coyle and loses puck.
11:45 of 1st period - Slapshot by Cale Makar.
11:45 of 1st period - Deflect By Thomas Novak.
11:45 of 1st period - Stopped by Kaapo Kahkonen without a rebound.
11:46 of 1st period - Erik Haula wins face-off versus Thomas Novak in Arizona Coyotes zone.
12:33 of 1st period - Nate Schmidt is hit by Mats Zuccarello and loses puck.
12:38 of 1st period - Wrist shot by Mats Zuccarello.
12:38 of 1st period - Stopped by Anthony Stolarz with a rebound.
12:56 of 1st period - Slapshot by Sam Gagner.
12:56 of 1st period - Stopped by Kaapo Kahkonen with a rebound.
13:02 of 1st period - Brandon Saad is hit by Tanner Jeannot and loses puck.
13:17 of 1st period - James van Riemsdyk is hit by Zemgus Girgensons and loses puck.
13:24 of 1st period - Wrist shot by Pat Maroon.
13:24 of 1st period - Stopped by Kaapo Kahkonen with a rebound.
13:42 of 1st period - Wrist shot by David Krejci.
13:42 of 1st period - Goal by David Krejci - Nashville Predators : 0 - Arizona Coyotes : 1.
13:43 of 1st period - Claude Giroux wins face-off versus Sam Gagner in neutral zone.
13:56 of 1st period - Wrist shot by Mats Zuccarello.
13:56 of 1st period - Shot Misses the Net.
14:39 of 1st period - Wrist shot by James van Riemsdyk.
14:39 of 1st period - Shot Misses the Net.
14:57 of 1st period - Slapshot by Corey Perry.
14:57 of 1st period - Shot Misses the Net.
14:59 of 1st period - Snap shot by Brandon Saad.
14:59 of 1st period - Shot Blocked by Mathew Dumba.
15:03 of 1st period - Snap shot by Brandon Saad.
15:03 of 1st period - Shot Misses the Net.
15:14 of 1st period - Icing by Nick Bjugstad.
15:15 of 1st period - Thomas Novak wins face-off versus Claude Giroux in Nashville Predators zone.
15:15 of 1st period - Thomas Novak is hit by Mats Zuccarello.
15:29 of 1st period - Snap shot by Mats Zuccarello.
15:29 of 1st period - Goal by Mats Zuccarello - Nashville Predators : 0 - Arizona Coyotes : 2.
15:30 of 1st period - Claude Giroux wins face-off versus Corey Perry in neutral zone.
15:34 of 1st period - Minor Penalty to Corey Perry for Roughing.
15:35 of 1st period - Claude Giroux wins face-off versus Brandon Saad in Nashville Predators zone.
16:16 of 1st period - Snap shot by Claude Giroux.
16:16 of 1st period - Stopped by Anthony Stolarz without a rebound.
16:17 of 1st period - David Krejci wins face-off versus Brandon Saad in Nashville Predators zone.
16:18 of 1st period - Backhand shot by Ondrej Palat.
16:18 of 1st period - Stopped by Anthony Stolarz with a rebound.
16:20 of 1st period - Snap shot by Ondrej Palat.
16:20 of 1st period - Deflect By Brandon Saad.
16:20 of 1st period - Shot Misses the Net.
16:20 of 1st period - Puck is out of play.
16:21 of 1st period - David Krejci wins face-off versus Brandon Saad in Nashville Predators zone.
16:22 of 1st period - Wrist shot by Tyler Seguin.
16:22 of 1st period - Stopped by Anthony Stolarz without a rebound.
16:23 of 1st period - David Krejci wins face-off versus Brandon Saad in Nashville Predators zone.
17:34 of 1st period - Penalty to Corey Perry is over, Corey Perry is back on ice.
17:46 of 1st period - Slapshot by Cale Makar.
17:46 of 1st period - Stopped by Kaapo Kahkonen without a rebound.
17:47 of 1st period - Nolan Patrick wins face-off versus Erik Haula in Arizona Coyotes zone.
18:14 of 1st period - Loui Eriksson is hit by Jared Spurgeon and loses puck.
18:19 of 1st period - Wrist shot by Tyler Seguin.
18:19 of 1st period - Shot Misses the Net.
18:49 of 1st period - Slapshot by Cale Makar.
18:49 of 1st period - Shot Misses the Net.
18:51 of 1st period - Slapshot by Cale Makar.
18:51 of 1st period - Shot Blocked by Charlie Coyle.
18:53 of 1st period - Snap shot by Riley Nash.
18:53 of 1st period - Stopped by Kaapo Kahkonen without a rebound.
18:54 of 1st period - Nolan Patrick wins face-off versus David Krejci in Arizona Coyotes zone.
19:15 of 1st period - Minor Penalty to Ryan Carpenter for Hooking.
19:16 of 1st period - Claude Giroux wins face-off versus Brandon Saad in Nashville Predators zone.
19:17 of 1st period - Snap shot by Mats Zuccarello.
19:17 of 1st period - Goal by Mats Zuccarello - Nashville Predators : 0 - Arizona Coyotes : 3.
19:18 of 1st period - Claude Giroux wins face-off versus Sam Gagner in neutral zone.
19:45 of 1st period - Dmitry Orlov is hit by Zemgus Girgensons.
19:55 of 1st period - Ondrej Palat is hit by Pat Maroon and loses puck.
Goals for this period are 0 for Nashville Predators vs 3 for Arizona Coyotes.
Shots for this period are 8 for Nashville Predators vs 12 for Arizona Coyotes.
2nd period
0:01 of 2nd period - Sam Gagner wins face-off versus Claude Giroux in neutral zone.
0:06 of 2nd period - Wrist shot by Brandon Saad.
0:06 of 2nd period - Stopped by Kaapo Kahkonen without a rebound.
0:07 of 2nd period - Claude Giroux wins face-off versus Sam Gagner in Arizona Coyotes zone.
0:16 of 2nd period - Snap shot by Corey Perry.
0:16 of 2nd period - Stopped by Kaapo Kahkonen without a rebound.
0:17 of 2nd period - Corey Perry wins face-off versus Claude Giroux in Arizona Coyotes zone.
0:20 of 2nd period - Wrist shot by Sam Gagner.
0:20 of 2nd period - Stopped by Kaapo Kahkonen with a rebound.
0:28 of 2nd period - Slapshot by Cale Makar.
0:28 of 2nd period - Shot Misses the Net.
1:21 of 2nd period - Jared Spurgeon is hit by Ryan Carpenter and loses puck.
2:04 of 2nd period - Radko Gudas is hit by Pat Maroon and loses puck.
2:24 of 2nd period - Janne Kuokkanen is hit by Radko Gudas.
3:09 of 2nd period - Snap shot by Riley Nash.
3:09 of 2nd period - Stopped by Kaapo Kahkonen without a rebound.
3:10 of 2nd period - Claude Giroux wins face-off versus Zemgus Girgensons in Arizona Coyotes zone.
3:37 of 2nd period - Snap shot by David Krejci.
3:37 of 2nd period - Stopped by Anthony Stolarz with a rebound.
4:13 of 2nd period - Jake Muzzin is hit by Ilya Mikheyev and loses puck.
4:29 of 2nd period - Slapshot by Justin Braun.
4:29 of 2nd period - Shot Blocked by Jani Hakanpaa.
4:31 of 2nd period - Snap shot by Riley Nash.
4:31 of 2nd period - Stopped by Kaapo Kahkonen without a rebound.
4:32 of 2nd period - Zemgus Girgensons wins face-off versus Charlie Coyle in Arizona Coyotes zone.
4:59 of 2nd period - Radko Gudas is hit by Brandon Saad and loses puck.
5:04 of 2nd period - Slapshot by Brandon Saad.
5:04 of 2nd period - Stopped by Kaapo Kahkonen without a rebound.
5:05 of 2nd period - David Krejci wins face-off versus Sam Gagner in Arizona Coyotes zone.
5:32 of 2nd period - Wrist shot by Pat Maroon.
5:32 of 2nd period - Stopped by Kaapo Kahkonen with a rebound.
5:34 of 2nd period - Slapshot by Oliver Kylington.
5:34 of 2nd period - Deflect By Zemgus Girgensons.
5:34 of 2nd period - Stopped by Kaapo Kahkonen without a rebound.
5:35 of 2nd period - Claude Giroux wins face-off versus Pat Maroon in Arizona Coyotes zone.
5:35 of 2nd period - Claude Giroux is hit by Pat Maroon.
5:38 of 2nd period - Minor Penalty to Mathew Dumba for Tripping.
5:39 of 2nd period - Sam Gagner wins face-off versus Claude Giroux in Arizona Coyotes zone.
5:39 of 2nd period - Snap shot by Cale Makar.
5:39 of 2nd period - Shot Blocked by Brayden McNabb.
5:41 of 2nd period - Slapshot by Justin Braun.
5:41 of 2nd period - Deflect By Brandon Saad.
5:41 of 2nd period - Shot Blocked by Mats Zuccarello.
5:41 of 2nd period - Puck is out of play.
5:42 of 2nd period - Claude Giroux wins face-off versus Sam Gagner in Arizona Coyotes zone.
5:42 of 2nd period - Claude Giroux is hit by Sam Gagner.
6:13 of 2nd period - Snap shot by Pat Maroon.
6:13 of 2nd period - Stopped by Kaapo Kahkonen without a rebound.
6:14 of 2nd period - Zemgus Girgensons wins face-off versus Claude Giroux in Arizona Coyotes zone.
6:31 of 2nd period - Wrist shot by Loui Eriksson.
6:31 of 2nd period - Shot Misses the Net.
6:33 of 2nd period - Wrist shot by Jake Muzzin.
6:33 of 2nd period - Shot Misses the Net.
6:35 of 2nd period - Wrist shot by Zemgus Girgensons.
6:35 of 2nd period - Shot Misses the Net.
6:37 of 2nd period - Slapshot by Artem Zub.
6:37 of 2nd period - Goal by Artem Zub - Nashville Predators : 1 - Arizona Coyotes : 3.
6:38 of 2nd period - Nolan Patrick wins face-off versus David Krejci in neutral zone.
6:48 of 2nd period - Icing by Ondrej Palat.
6:49 of 2nd period - Thomas Novak wins face-off versus David Krejci in Arizona Coyotes zone.
7:30 of 2nd period - Off-side.
7:31 of 2nd period - Zemgus Girgensons wins face-off versus Mats Zuccarello in neutral zone.
8:22 of 2nd period - Wrist shot by Tanner Jeannot.
8:22 of 2nd period - Deflect By Ross Colton.
8:22 of 2nd period - Stopped by Anthony Stolarz with a rebound.
8:24 of 2nd period - Snap shot by Brandon Tanev.
8:24 of 2nd period - Stopped by Anthony Stolarz without a rebound.
8:25 of 2nd period - Nolan Patrick wins face-off versus Claude Giroux in Nashville Predators zone.
9:06 of 2nd period - Minor Penalty to Brayden McNabb for Roughing.
9:07 of 2nd period - Claude Giroux wins face-off versus Sam Gagner in Arizona Coyotes zone.
9:12 of 2nd period - Wrist shot by Claude Giroux.
9:12 of 2nd period - Stopped by Anthony Stolarz with a rebound.
9:14 of 2nd period - Wrist shot by Mats Zuccarello.
9:14 of 2nd period - Shot Blocked by Sam Gagner.
9:16 of 2nd period - Wrist shot by Mats Zuccarello.
9:16 of 2nd period - Stopped by Anthony Stolarz without a rebound.
9:17 of 2nd period - Sam Gagner wins face-off versus Claude Giroux in Nashville Predators zone.
9:47 of 2nd period - Off-side.
9:48 of 2nd period - Charlie Coyle wins face-off versus Zemgus Girgensons in neutral zone.
10:00 of 2nd period - Off-side.
10:01 of 2nd period - Claude Giroux wins face-off versus Sam Gagner in neutral zone.
11:06 of 2nd period - Penalty to Brayden McNabb is over, Brayden McNabb is back on ice.
11:22 of 2nd period - Wrist shot by Erik Haula.
11:22 of 2nd period - Shot Hit the Post.
11:24 of 2nd period - Wrist shot by Ilya Mikheyev.
11:24 of 2nd period - Deflect By Erik Haula.
11:24 of 2nd period - Shot Misses the Net.
11:24 of 2nd period - Puck is out of play.
11:25 of 2nd period - James van Riemsdyk wins face-off versus Nolan Patrick in Nashville Predators zone.
11:30 of 2nd period - Slapshot by Ilya Mikheyev.
11:30 of 2nd period - Stopped by Anthony Stolarz with a rebound.
11:32 of 2nd period - Slapshot by Ilya Mikheyev.
11:32 of 2nd period - Shot Misses the Net.
11:43 of 2nd period - Minor Penalty to Artem Zub for Slashing.
11:44 of 2nd period - Claude Giroux wins face-off versus Brandon Saad in Nashville Predators zone.
11:57 of 2nd period - Snap shot by Brandon Saad.
11:57 of 2nd period - Stopped by Kaapo Kahkonen with a rebound.
11:59 of 2nd period - Wrist shot by Corey Perry.
11:59 of 2nd period - Stopped by Kaapo Kahkonen with a rebound.
12:19 of 2nd period - Wrist shot by Tyler Seguin.
12:19 of 2nd period - Stopped by Anthony Stolarz with a rebound.
13:43 of 2nd period - Penalty to Artem Zub is over, Artem Zub is back on ice.
14:00 of 2nd period - Wrist shot by Thomas Novak.
14:00 of 2nd period - Shot Blocked by Mathew Dumba.
14:02 of 2nd period - Slapshot by Nate Schmidt.
14:02 of 2nd period - Deflect By Thomas Novak.
14:02 of 2nd period - Shot Blocked by Erik Haula.
14:02 of 2nd period - Puck is out of play.
14:03 of 2nd period - Erik Haula wins face-off versus Janne Kuokkanen in Arizona Coyotes zone.
14:03 of 2nd period - Erik Haula is hit by Nick Bjugstad.
14:13 of 2nd period - Slapshot by Thomas Novak.
14:13 of 2nd period - Deflect By Nick Bjugstad.
14:13 of 2nd period - Shot Misses the Net.
14:13 of 2nd period - Puck is out of play.
14:14 of 2nd period - Charlie Coyle wins face-off versus Sam Gagner in Arizona Coyotes zone.
14:21 of 2nd period - Snap shot by Claude Giroux.
14:21 of 2nd period - Deflect By Mats Zuccarello.
14:21 of 2nd period - Shot Misses the Net.
14:21 of 2nd period - Puck is out of play.
14:22 of 2nd period - Claude Giroux wins face-off versus Sam Gagner in Nashville Predators zone.
14:46 of 2nd period - Wrist shot by Corey Perry.
14:46 of 2nd period - Shot Misses the Net.
14:48 of 2nd period - Snap shot by Sam Gagner.
14:48 of 2nd period - Shot Misses the Net.
15:14 of 2nd period - Slapshot by Mats Zuccarello.
15:14 of 2nd period - Stopped by Anthony Stolarz without a rebound.
15:15 of 2nd period - Zemgus Girgensons wins face-off versus David Krejci in Nashville Predators zone.
15:41 of 2nd period - Wrist shot by Tanner Jeannot.
15:41 of 2nd period - Goal by Tanner Jeannot - Nashville Predators : 1 - Arizona Coyotes : 4.
15:42 of 2nd period - Zemgus Girgensons wins face-off versus Claude Giroux in neutral zone.
15:47 of 2nd period - Slapshot by Pat Maroon.
15:47 of 2nd period - Stopped by Kaapo Kahkonen with a rebound.
15:49 of 2nd period - Snap shot by Pat Maroon.
15:49 of 2nd period - Shot Misses the Net.
16:15 of 2nd period - Jake Muzzin is hit by David Krejci.
16:37 of 2nd period - Snap shot by Tanner Jeannot.
16:37 of 2nd period - Stopped by Anthony Stolarz with a rebound.
16:39 of 2nd period - Snap shot by Mathew Dumba.
16:39 of 2nd period - Shot Misses the Net.
16:46 of 2nd period - Icing by Artem Zub.
16:47 of 2nd period - Erik Haula wins face-off versus Brandon Saad in Nashville Predators zone.
16:48 of 2nd period - Snap shot by Ilya Mikheyev.
16:48 of 2nd period - Stopped by Anthony Stolarz with a rebound.
16:50 of 2nd period - Wrist shot by James van Riemsdyk.
16:50 of 2nd period - Stopped by Anthony Stolarz with a rebound.
16:52 of 2nd period - Snap shot by Erik Haula.
16:52 of 2nd period - Stopped by Anthony Stolarz without a rebound.
16:53 of 2nd period - Erik Haula wins face-off versus Sam Gagner in Nashville Predators zone.
17:13 of 2nd period - Minor Penalty to Radko Gudas for Close Hand On Puck.
17:14 of 2nd period - Claude Giroux wins face-off versus Brandon Saad in Arizona Coyotes zone.
17:24 of 2nd period - Slapshot by Cale Makar.
17:24 of 2nd period - Stopped by Kaapo Kahkonen with a rebound.
17:26 of 2nd period - Snap shot by Corey Perry.
17:26 of 2nd period - Shot Misses the Net.
17:28 of 2nd period - Snap shot by Brandon Saad.
17:28 of 2nd period - Stopped by Kaapo Kahkonen with a rebound.
17:30 of 2nd period - Slapshot by Cale Makar.
17:30 of 2nd period - Stopped by Kaapo Kahkonen with a rebound.
17:46 of 2nd period - Wrist shot by Loui Eriksson.
17:46 of 2nd period - Stopped by Kaapo Kahkonen with a rebound.
17:48 of 2nd period - Snap shot by Loui Eriksson.
17:48 of 2nd period - Stopped by Kaapo Kahkonen with a rebound.
17:50 of 2nd period - Wrist shot by Zemgus Girgensons.
17:50 of 2nd period - Stopped by Kaapo Kahkonen with a rebound.
18:09 of 2nd period - Icing by Artem Zub.
18:10 of 2nd period - Tanner Jeannot wins face-off versus Corey Perry in Nashville Predators zone.
18:31 of 2nd period - Off-side.
18:32 of 2nd period - Claude Giroux wins face-off versus Zemgus Girgensons in neutral zone.
18:35 of 2nd period - Loui Eriksson is hit by Brayden McNabb and loses puck.
18:50 of 2nd period - Slapshot by Cale Makar.
18:50 of 2nd period - Shot Blocked by Dmitry Orlov.
19:12 of 2nd period - Snap shot by Pat Maroon.
19:12 of 2nd period - Shot Misses the Net.
19:13 of 2nd period - Penalty to Radko Gudas is over, Radko Gudas is back on ice.
19:32 of 2nd period - Charlie Coyle is hit by Zemgus Girgensons and loses puck.
19:50 of 2nd period - Wrist shot by Charlie Coyle.
19:50 of 2nd period - Shot Blocked by Cale Makar.
19:52 of 2nd period - Wrist shot by Radko Gudas.
19:52 of 2nd period - Stopped by Anthony Stolarz with a rebound.
Goals for this period are 1 for Nashville Predators vs 1 for Arizona Coyotes.
Shots for this period are 19 for Nashville Predators vs 14 for Arizona Coyotes.
3rd period
0:01 of 3rd period - Claude Giroux wins face-off versus Nolan Patrick in neutral zone.
0:16 of 3rd period - Slapshot by Cale Makar.
0:16 of 3rd period - Stopped by Kaapo Kahkonen with a rebound.
0:32 of 3rd period - Snap shot by David Krejci.
0:32 of 3rd period - Shot Misses the Net.
1:38 of 3rd period - Slapshot by Nolan Patrick.
1:38 of 3rd period - Shot Blocked by Mats Zuccarello.
1:40 of 3rd period - Slapshot by Oliver Kylington.
1:40 of 3rd period - Stopped by Kaapo Kahkonen with a rebound.
1:42 of 3rd period - Slapshot by Nolan Patrick.
1:42 of 3rd period - Stopped by Kaapo Kahkonen without a rebound.
1:43 of 3rd period - Thomas Novak wins face-off versus David Krejci in Arizona Coyotes zone.
1:58 of 3rd period - Snap shot by Tyler Seguin.
1:58 of 3rd period - Stopped by Anthony Stolarz without a rebound.
1:59 of 3rd period - Claude Giroux wins face-off versus Nolan Patrick in Nashville Predators zone.
2:05 of 3rd period - Off-side.
2:06 of 3rd period - Mats Zuccarello wins face-off versus Nolan Patrick in neutral zone.
2:11 of 3rd period - Snap shot by Mats Zuccarello.
2:11 of 3rd period - Stopped by Anthony Stolarz without a rebound.
2:12 of 3rd period - Mats Zuccarello wins face-off versus Janne Kuokkanen in Nashville Predators zone.
2:13 of 3rd period - Wrist shot by Claude Giroux.
2:13 of 3rd period - Stopped by Anthony Stolarz with a rebound.
2:42 of 3rd period - Slapshot by Tyler Seguin.
2:42 of 3rd period - Stopped by Anthony Stolarz without a rebound.
2:43 of 3rd period - Zemgus Girgensons wins face-off versus David Krejci in Nashville Predators zone.
3:40 of 3rd period - Backhand shot by Tyler Seguin.
3:40 of 3rd period - Shot Blocked by Pat Maroon.
4:17 of 3rd period - David Krejci is hit by Justin Braun and loses puck.
4:24 of 3rd period - Slapshot by Zemgus Girgensons.
4:24 of 3rd period - Stopped by Kaapo Kahkonen without a rebound.
4:25 of 3rd period - Claude Giroux wins face-off versus Thomas Novak in Arizona Coyotes zone.
4:25 of 3rd period - Claude Giroux is hit by Janne Kuokkanen.
4:36 of 3rd period - Minor Penalty to Claude Giroux for Hooking.
4:37 of 3rd period - Sam Gagner wins face-off versus Tanner Jeannot in Arizona Coyotes zone.
4:51 of 3rd period - Backhand shot by Corey Perry.
4:51 of 3rd period - Stopped by Kaapo Kahkonen without a rebound.
4:52 of 3rd period - Tanner Jeannot wins face-off versus Sam Gagner in Arizona Coyotes zone.
6:36 of 3rd period - Penalty to Claude Giroux is over, Claude Giroux is back on ice.
6:41 of 3rd period - Brayden McNabb is hit by Nolan Patrick and loses puck.
6:46 of 3rd period - Snap shot by Brandon Tanev.
6:46 of 3rd period - Shot Misses the Net.
7:06 of 3rd period - Icing by Nick Bjugstad.
7:07 of 3rd period - James van Riemsdyk wins face-off versus Thomas Novak in Nashville Predators zone.
7:20 of 3rd period - Snap shot by Mats Zuccarello.
7:20 of 3rd period - Deflect By Janne Kuokkanen.
7:20 of 3rd period - Shot Misses the Net.
7:20 of 3rd period - Puck is out of play.
7:21 of 3rd period - Erik Haula wins face-off versus Sam Gagner in Nashville Predators zone.
7:38 of 3rd period - Brandon Saad is hit by Erik Haula and loses puck.
7:51 of 3rd period - Backhand shot by Tyler Seguin.
7:51 of 3rd period - Stopped by Anthony Stolarz with a rebound.
8:31 of 3rd period - Cale Makar is hit by Dmitry Orlov.
8:56 of 3rd period - Snap shot by Ondrej Palat.
8:56 of 3rd period - Shot Misses the Net.
8:58 of 3rd period - Slapshot by Jani Hakanpaa.
8:58 of 3rd period - Deflect By David Krejci.
8:58 of 3rd period - Shot Blocked by Cale Makar.
8:58 of 3rd period - Puck is out of play.
8:59 of 3rd period - David Krejci wins face-off versus Zemgus Girgensons in Nashville Predators zone.
9:06 of 3rd period - Ondrej Palat is hit by Loui Eriksson and loses puck.
9:54 of 3rd period - Icing by Ondrej Palat.
9:55 of 3rd period - David Krejci wins face-off versus Nolan Patrick in Arizona Coyotes zone.
10:08 of 3rd period - Slapshot by Nolan Patrick.
10:08 of 3rd period - Shot Blocked by Radko Gudas.
10:10 of 3rd period - Wrist shot by Ryan Carpenter.
10:10 of 3rd period - Shot Misses the Net.
10:46 of 3rd period - Oliver Kylington is hit by Brayden McNabb and loses puck.
12:05 of 3rd period - Jake Muzzin is hit by Erik Haula and loses puck.
13:02 of 3rd period - Charlie Coyle is hit by Justin Braun and loses puck.
13:31 of 3rd period - Dmitry Orlov is hit by Loui Eriksson.
13:51 of 3rd period - Wrist shot by Brandon Tanev.
13:51 of 3rd period - Shot Misses the Net.
13:53 of 3rd period - Snap shot by Tanner Jeannot.
13:53 of 3rd period - Stopped by Anthony Stolarz with a rebound.
14:09 of 3rd period - Janne Kuokkanen is hit by Radko Gudas and loses puck.
15:38 of 3rd period - Janne Kuokkanen is hit by Jani Hakanpaa and loses puck.
16:40 of 3rd period - Slapshot by Cale Makar.
16:40 of 3rd period - Stopped by Kaapo Kahkonen without a rebound.
16:41 of 3rd period - Claude Giroux wins face-off versus Sam Gagner in Arizona Coyotes zone.
16:41 of 3rd period - Claude Giroux is hit by Sam Gagner.
16:51 of 3rd period - Slapshot by Claude Giroux.
16:51 of 3rd period - Shot Blocked by Corey Perry.
17:51 of 3rd period - Off-side.
17:52 of 3rd period - David Krejci wins face-off versus Thomas Novak in neutral zone.
17:57 of 3rd period - Snap shot by David Krejci.
17:57 of 3rd period - Stopped by Anthony Stolarz with a rebound.
17:59 of 3rd period - Slapshot by Radko Gudas.
17:59 of 3rd period - Stopped by Anthony Stolarz with a rebound.
18:01 of 3rd period - Snap shot by Ondrej Palat.
18:01 of 3rd period - Stopped by Anthony Stolarz with a rebound.
18:03 of 3rd period - Slapshot by Jani Hakanpaa.
18:03 of 3rd period - Deflect By Ondrej Palat.
18:03 of 3rd period - Shot Misses the Net.
18:03 of 3rd period - Puck is out of play.
18:04 of 3rd period - David Krejci wins face-off versus Sam Gagner in Nashville Predators zone.
18:51 of 3rd period - Off-side.
18:52 of 3rd period - Ross Colton wins face-off versus Nolan Patrick in neutral zone.
19:11 of 3rd period - Nolan Patrick is hit by Ross Colton and loses puck.
19:39 of 3rd period - Icing by Jared Spurgeon.
19:40 of 3rd period - Sam Gagner wins face-off versus Ross Colton in Arizona Coyotes zone.
Goals for this period are 0 for Nashville Predators vs 0 for Arizona Coyotes.
Shots for this period are 6 for Nashville Predators vs 9 for Arizona Coyotes.
Back to the Top